General information
- name: BNet
- type: Ladder team game (AT/RT)
- host: Battle.net
- saver: KillyBoi
map: FullScaleAssault
- players: 8
- length: 158:03
- speed: Fast
- version: 1.26 W3XP
- replay type: Public
» download(478 KB)
Players
team 1 (winner)
gregsimoneau (
purple | 12 APM | 1853 actions | 158:03)
6 Demon Hunter
2 Immolation
3 Mana Burn
1 Metamorphosis
5 Priestess of the Moon
2 Trueshot Aura
3 Searing Arrows
» actions
| Basic commands | 15 | |
| Build / train | 77 | |
| Enter build submenu | 30 | |
| Enter hero's abilities submenu | 12 | |
| Give item / drop item | 5 | |
| Remove unit from queue | 2 | |
| Right click | 1047 | |
| Select / deselect | 545 | |
| Use ability | 118 | |
1853 total
» units
» upgrades
| Strength of the Wild | 5 | |
| Reinforced Hides | 5 | |
| Abolish Magic | 2 | |
12 total
» buildings
| Moon Well | 9 | |
| Hunter's Hall | 1 | |
| Ancient of Wonders | 1 | |
| Ancient Protector | 8 | |
| Altar of Elders | 1 | |
| Tree of Ages | 1 | |
| Ancient of Lore | 5 | |
| Tree of Eternity | 1 | |
| Tree of Life | 3 | |
30 total
» build order
00:30 Moon Well
00:58 Hunter's Hall
01:12 Ancient of Wonders
01:36 Moon Well
02:05 Ancient Protector
02:20 Ancient Protector
02:45 Moon Well
03:01 Altar of Elders
03:31 Ancient Protector
03:57 Moon Well
04:15 Moon Well
04:46 Ancient Protector
05:16 Moon Well
05:43 Tree of Ages
06:51 Moon Well
06:58 Ancient Protector
08:05 Ancient of Lore
08:09 Ancient of Lore
12:16 Tree of Eternity
16:29 Ancient Protector
16:38 Ancient Protector
16:44 Ancient Protector
17:49 Tree of Life
21:32 Tree of Life
24:06 Moon Well
28:34 Moon Well
29:52 Ancient of Lore
29:58 Ancient of Lore
30:02 Ancient of Lore
36:33 Tree of Life
» items
| Lesser Clarity Potion | 1 | |
| Dust of Appearance | 1 | |
| Boots of Speed | 1 | |
| Scroll of Town Portal | 3 | |
| Potion of Healing | 4 | |
| Moonstone | 1 | |
| Orb of Venom | 1 | |
12 total
MussoIini (
blue | 87 APM | 4818 actions | 55:06)
10 Mountain King
3 Storm Bolt
3 Bash
1 Avatar
3 Thunder Clap
» actions
| Assign group hotkey | 77 | |
| Basic commands | 166 | |
| Build / train | 313 | |
| ESC pressed | 42 | |
| Enter build submenu | 164 | |
| Enter hero's abilities submenu | 11 | |
| Give item / drop item | 8 | |
| Remove unit from queue | 1 | |
| Right click | 1488 | |
| Select / deselect | 1027 | |
| Select group hotkey | 1020 | |
| Use ability | 500 | |
4818 total
» units
| Peasant | 37 | |
| Footman | 10 | |
| Goblin Zeppelin | 10 | |
| Goblin Shredder | 3 | |
| Dragonhawk Rider | 6 | |
| Wisp | 5 | |
| Knight | 9 | |
| Siege Engine | 3 | |
83 total
» upgrades
| Masonry | 3 | |
| Defend | 1 | |
| Lumber Harvesting | 2 | |
| Swords | 3 | |
| Animal War Training | 1 | |
| Armor | 3 | |
| Storm Hammers | 1 | |
| Cloud | 1 | |
| Magic Sentry | 1 | |
| Sorceress Training | 2 | |
| Priest Training | 2 | |
| Control Magic | 1 | |
| Plating | 3 | |
| Gunpowder | 3 | |
| Ultravision | 1 | |
| Strength of the Wild | 1 | |
| Long Rifles | 1 | |
| Backpack | 1 | |
| Flak Cannons | 1 | |
| Flying Machine Bombs | 1 | |
| Barrage | 1 | |
| Fragmentation Shards | 1 | |
| Flare | 1 | |
36 total
» buildings
| Altar of Kings | 2 | |
| Barracks | 4 | |
| Farm | 20 | |
| Arcane Vault | 1 | |
| Lumber Mill | 1 | |
| Scout Tower | 99 | |
| Arcane Tower | 9 | |
| Town Hall | 9 | |
| Guard Tower | 123 | |
| Keep | 3 | |
| Blacksmith | 1 | |
| Castle | 3 | |
| Gryphon Aviary | 5 | |
| Arcane Sanctum | 1 | |
| Ancient of Wonders | 1 | |
| Ancient Protector | 5 | |
| Workshop | 7 | |
| Tree of Ages | 5 | |
| Tree of Eternity | 3 | |
302 total
» build order
00:09 Altar of Kings
00:12 Altar of Kings
00:14 Barracks
00:19 Farm
00:58 Farm
01:38 Arcane Vault
02:39 Farm
03:18 Lumber Mill
03:20 Scout Tower
03:48 Arcane Tower
03:49 Arcane Tower
04:03 Farm
04:30 Town Hall
05:43 Scout Tower
05:50 Scout Tower
06:32 Farm
06:35 Guard Tower
06:35 Guard Tower
06:36 Arcane Tower
06:36 Arcane Tower
06:57 Scout Tower
06:59 Scout Tower
07:27 Guard Tower
07:27 Guard Tower
07:27 Guard Tower
07:58 Keep
07:58 Keep
09:34 Town Hall
09:57 Scout Tower
09:59 Scout Tower
10:01 Scout Tower
10:03 Scout Tower
10:05 Scout Tower
10:08 Scout Tower
10:10 Scout Tower
10:11 Scout Tower
10:15 Scout Tower
10:46 Blacksmith
10:53 Guard Tower
10:56 Guard Tower
10:56 Guard Tower
10:57 Guard Tower
10:58 Guard Tower
10:58 Guard Tower
10:58 Guard Tower
11:07 Scout Tower
11:09 Scout Tower
11:10 Scout Tower
11:11 Scout Tower
11:13 Scout Tower
11:19 Scout Tower
12:02 Guard Tower
12:08 Scout Tower
12:09 Scout Tower
12:10 Scout Tower
12:12 Scout Tower
12:12 Scout Tower
12:14 Scout Tower
12:36 Castle
12:36 Castle
12:36 Castle
12:47 Guard Tower
12:48 Guard Tower
12:48 Guard Tower
12:48 Guard Tower
12:49 Guard Tower
12:49 Guard Tower
13:32 Guard Tower
13:33 Guard Tower
13:40 Scout Tower
13:41 Scout Tower
13:42 Scout Tower
13:43 Scout Tower
13:49 Scout Tower
13:52 Scout Tower
13:55 Scout Tower
14:14 Guard Tower
14:14 Guard Tower
14:14 Guard Tower
14:17 Guard Tower
14:17 Guard Tower
14:39 Gryphon Aviary
14:43 Gryphon Aviary
14:51 Gryphon Aviary
14:54 Guard Tower
14:55 Guard Tower
16:02 Gryphon Aviary
16:32 Farm
16:33 Farm
16:35 Farm
16:37 Farm
16:39 Farm
16:40 Farm
16:41 Farm
16:52 Farm
16:54 Farm
16:56 Farm
16:58 Farm
17:00 Farm
17:01 Farm
17:05 Arcane Sanctum
18:17 Scout Tower
18:19 Scout Tower
18:20 Scout Tower
18:21 Scout Tower
18:23 Scout Tower
18:27 Scout Tower
18:28 Scout Tower
18:54 Gryphon Aviary
18:59 Farm
19:02 Guard Tower
19:02 Guard Tower
19:02 Guard Tower
19:13 Guard Tower
19:46 Scout Tower
19:47 Scout Tower
19:48 Scout Tower
19:49 Scout Tower
19:50 Scout Tower
19:51 Scout Tower
20:01 Scout Tower
20:02 Scout Tower
20:03 Scout Tower
20:04 Scout Tower
20:07 Scout Tower
20:11 Scout Tower
20:30 Guard Tower
20:30 Guard Tower
20:48 Guard Tower
20:48 Guard Tower
20:50 Guard Tower
20:50 Guard Tower
21:18 Ancient of Wonders
21:21 Ancient Protector
21:22 Ancient Protector
21:23 Ancient Protector
21:30 Ancient Protector
22:14 Ancient Protector
23:53 Workshop
23:54 Workshop
23:56 Workshop
24:27 Workshop
24:31 Workshop
24:37 Workshop
27:13 Workshop
27:30 Tree of Ages
27:30 Tree of Ages
27:30 Tree of Ages
29:08 Barracks
29:09 Barracks
29:10 Barracks
29:17 Town Hall
29:19 Scout Tower
29:20 Scout Tower
29:21 Scout Tower
29:22 Scout Tower
29:24 Scout Tower
29:26 Scout Tower
29:28 Scout Tower
29:29 Scout Tower
29:37 Town Hall
29:42 Scout Tower
29:42 Scout Tower
29:48 Scout Tower
29:49 Scout Tower
29:50 Scout Tower
29:53 Scout Tower
29:55 Guard Tower
29:56 Guard Tower
30:11 Guard Tower
30:11 Guard Tower
30:26 Guard Tower
31:40 Town Hall
31:42 Scout Tower
31:48 Scout Tower
31:51 Scout Tower
31:53 Scout Tower
31:56 Scout Tower
32:04 Scout Tower
32:10 Guard Tower
32:10 Guard Tower
32:10 Guard Tower
32:16 Guard Tower
32:16 Guard Tower
32:16 Guard Tower
32:18 Guard Tower
32:18 Guard Tower
32:18 Guard Tower
32:19 Tree of Eternity
32:19 Tree of Eternity
32:25 Guard Tower
32:26 Scout Tower
32:32 Guard Tower
32:32 Guard Tower
32:37 Guard Tower
32:38 Guard Tower
32:53 Farm
33:04 Guard Tower
33:04 Guard Tower
33:04 Guard Tower
33:23 Town Hall
34:43 Scout Tower
34:44 Scout Tower
34:46 Scout Tower
34:46 Scout Tower
37:13 Town Hall
37:16 Scout Tower
37:19 Scout Tower
37:21 Scout Tower
37:23 Scout Tower
37:24 Scout Tower
37:26 Scout Tower
37:58 Guard Tower
37:58 Guard Tower
37:59 Guard Tower
38:03 Scout Tower
38:11 Guard Tower
38:11 Guard Tower
38:12 Guard Tower
38:13 Guard Tower
38:13 Guard Tower
38:15 Scout Tower
38:17 Scout Tower
38:35 Arcane Tower
38:35 Arcane Tower
38:38 Scout Tower
38:39 Scout Tower
38:42 Scout Tower
38:47 Guard Tower
38:47 Guard Tower
39:10 Guard Tower
39:10 Guard Tower
40:14 Scout Tower
40:17 Scout Tower
40:42 Guard Tower
40:43 Guard Tower
40:43 Guard Tower
40:44 Guard Tower
41:23 Scout Tower
41:39 Scout Tower
41:41 Scout Tower
42:12 Guard Tower
42:12 Guard Tower
44:20 Town Hall
49:13 Town Hall
49:16 Scout Tower
49:17 Scout Tower
49:18 Scout Tower
52:36 Scout Tower
52:38 Scout Tower
» items
| Scroll of Regeneration | 7 | |
| Boots of Speed | 1 | |
| Staff of Teleportation | 1 | |
| Periapt of Vitality | 1 | |
| Scroll of Town Portal | 5 | |
| Orb of Fire | 1 | |
| Lesser Clarity Potion | 1 | |
| Potion of Healing | 1 | |
| Potion of Mana | 1 | |
| Scroll of Healing | 1 | |
20 total

»
maves (
pink | 68 APM | 1570 actions | 23:06)
6 Mountain King
3 Storm Bolt
2 Thunder Clap
1 Avatar
4 Paladin
2 Holy Light
2 Divine Shield
» actions
| Assign group hotkey | 76 | |
| Basic commands | 51 | |
| Build / train | 79 | |
| ESC pressed | 1 | |
| Enter build submenu | 35 | |
| Enter hero's abilities submenu | 12 | |
| Give item / drop item | 1 | |
| Right click | 470 | |
| Select / deselect | 355 | |
| Select group hotkey | 415 | |
| Use ability | 75 | |
1570 total
» units
| Peasant | 18 | |
| Footman | 2 | |
| Rifleman | 15 | |
| Spell Breaker | 6 | |
| Priest | 2 | |
| Sorceress | 1 | |
44 total
» upgrades
| Gunpowder | 2 | |
| Armor | 2 | |
| Priest Training | 2 | |
| Long Rifles | 1 | |
7 total
» buildings
| Barracks | 1 | |
| Farm | 11 | |
| Altar of Kings | 1 | |
| Scout Tower | 12 | |
| Blacksmith | 1 | |
| Arcane Tower | 1 | |
| Arcane Vault | 1 | |
| Town Hall | 2 | |
| Keep | 2 | |
| Lumber Mill | 1 | |
| Guard Tower | 5 | |
| Arcane Sanctum | 2 | |
| Castle | 1 | |
41 total
» build order
00:24 Barracks
00:26 Farm
00:56 Altar of Kings
01:18 Farm
01:23 Scout Tower
01:58 Farm
02:15 Farm
02:26 Blacksmith
02:42 Arcane Tower
02:51 Farm
03:06 Arcane Vault
04:30 Town Hall
04:44 Keep
04:44 Keep
05:43 Lumber Mill
06:00 Scout Tower
07:11 Guard Tower
07:22 Arcane Sanctum
07:26 Farm
08:37 Farm
08:42 Arcane Sanctum
09:42 Scout Tower
10:16 Farm
10:18 Farm
12:14 Guard Tower
12:34 Scout Tower
12:43 Castle
13:14 Guard Tower
14:36 Farm
14:44 Farm
15:07 Scout Tower
15:10 Scout Tower
15:14 Scout Tower
16:49 Guard Tower
19:23 Scout Tower
20:07 Town Hall
20:21 Guard Tower
20:41 Scout Tower
21:30 Scout Tower
21:32 Scout Tower
21:35 Scout Tower
» items
| Scroll of Regeneration | 1 | |
| Periapt of Vitality | 1 | |
| Scroll of Town Portal | 1 | |
| Potion of Mana | 1 | |
4 total
GMGENESEO88 (
green | 29 APM | 511 actions | 17:46)
3 Priestess of the Moon
2 Trueshot Aura
1 Searing Arrows
» actions
| Build / train | 47 | |
| ESC pressed | 1 | |
| Enter build submenu | 12 | |
| Enter hero's abilities submenu | 4 | |
| Right click | 252 | |
| Select / deselect | 168 | |
| Use ability | 27 | |
511 total
» units
» upgrades
| Strength of the Moon | 1 | |
| Moon Armor | 1 | |
2 total
» buildings
| Altar of Elders | 1 | |
| Moon Well | 6 | |
| Hunter's Hall | 1 | |
| Ancient of War | 2 | |
| Tree of Life | 2 | |
12 total
» build order
00:14 Altar of Elders
00:37 Moon Well
01:52 Hunter's Hall
01:57 Ancient of War
02:04 Moon Well
02:58 Moon Well
03:31 Ancient of War
05:46 Moon Well
09:26 Tree of Life
10:36 Moon Well
11:48 Moon Well
16:20 Tree of Life
team 2 (loser)
raah (
yellow | 30 APM | 1674 actions | 55:26)
6 Archmage
3 Summon Water Elemental
2 Blizzard
1 Mass Teleport
» actions
| Assign group hotkey | 13 | |
| Basic commands | 46 | |
| Build / train | 85 | |
| Enter build submenu | 18 | |
| Enter hero's abilities submenu | 6 | |
| Give item / drop item | 1 | |
| Right click | 880 | |
| Select / deselect | 387 | |
| Select group hotkey | 179 | |
| Use ability | 59 | |
1674 total
» units
| Peasant | 16 | |
| Footman | 6 | |
| Goblin Shredder | 1 | |
| Rifleman | 4 | |
| Giant Sea Turtle | 1 | |
| Makrura Snapper | 1 | |
| Mur'gul Snarecaster | 1 | |
| Makrura Deepseer | 1 | |
| Mortar Team | 17 | |
| Knight | 10 | |
| Siege Engine | 2 | |
60 total
» upgrades
| Gunpowder | 3 | |
| Long Rifles | 1 | |
| Fragmentation Shards | 1 | |
| Swords | 1 | |
| Armor | 1 | |
| Barrage | 1 | |
8 total
» buildings
| Altar of Kings | 1 | |
| Farm | 12 | |
| Barracks | 2 | |
| Town Hall | 3 | |
| Blacksmith | 1 | |
| Lumber Mill | 1 | |
| Arcane Vault | 1 | |
| Keep | 1 | |
| Castle | 1 | |
| Workshop | 4 | |
27 total
» build order
00:22 Altar of Kings
00:36 Farm
00:36 Farm
00:57 Barracks
01:45 Farm
01:47 Farm
03:45 Town Hall
05:21 Barracks
05:25 Blacksmith
05:31 Lumber Mill
05:48 Arcane Vault
05:49 Keep
06:36 Farm
06:37 Farm
06:37 Farm
06:38 Farm
06:39 Farm
06:41 Farm
06:42 Farm
06:42 Farm
08:13 Castle
08:34 Workshop
08:39 Workshop
08:48 Workshop
23:33 Town Hall
25:23 Town Hall
26:55 Workshop
» items
| Boots of Speed | 1 | |
| Staff of Teleportation | 1 | |
| Scroll of Regeneration | 2 | |
| Scroll of Town Portal | 4 | |
8 total
KillyBoi (
orange | 25 APM | 3920 actions | 158:03)
9 Blademaster
3 Wind Walk
3 Critical Strike
1 Bladestorm
2 Mirror Image
» actions
| Assign group hotkey | 92 | |
| Basic commands | 152 | |
| Build / train | 112 | |
| Enter build submenu | 90 | |
| Enter hero's abilities submenu | 9 | |
| Give item / drop item | 14 | |
| Remove unit from queue | 1 | |
| Right click | 1366 | |
| Select / deselect | 705 | |
| Select group hotkey | 1073 | |
| Use ability | 306 | |
3920 total
» units
| Peon | 18 | |
| Grunt | 4 | |
| Goblin Shredder | 7 | |
| Goblin Zeppelin | 5 | |
| Goblin Sapper | 2 | |
| Wind Rider | 6 | |
| Blue Dragon | 11 | |
| Blue Drake | 1 | |
| Blue Dragon Whelp | 1 | |
55 total
» upgrades
| Ranged Weapons | 3 | |
| Armor | 3 | |
| Reinforced Defenses | 1 | |
| Envenomed Spears | 1 | |
8 total
» buildings
| Orc Burrow | 13 | |
| Altar of Storms | 1 | |
| Barracks | 9 | |
| Voodoo Lounge | 3 | |
| Stronghold | 2 | |
| Great Hall | 7 | |
| War Mill | 2 | |
| Fortress | 2 | |
| Watch Tower | 62 | |
| Beastiary | 12 | |
113 total
» build order
00:32 Orc Burrow
00:52 Altar of Storms
00:53 Barracks
01:11 Orc Burrow
02:17 Voodoo Lounge
02:53 Stronghold
04:58 Great Hall
05:36 War Mill
05:40 Orc Burrow
05:42 Orc Burrow
07:51 Fortress
09:52 Watch Tower
09:52 Watch Tower
09:52 Watch Tower
09:52 Watch Tower
09:53 Watch Tower
09:56 Watch Tower
09:57 Watch Tower
09:58 Watch Tower
09:58 Watch Tower
10:00 Watch Tower
10:01 Watch Tower
13:21 Beastiary
13:21 Beastiary
13:22 Beastiary
13:23 Beastiary
13:23 Beastiary
13:24 Beastiary
13:32 War Mill
13:42 Beastiary
15:33 Orc Burrow
15:34 Orc Burrow
15:37 Orc Burrow
17:46 Great Hall
17:48 Watch Tower
17:48 Watch Tower
17:48 Watch Tower
17:50 Watch Tower
17:50 Watch Tower
17:50 Watch Tower
17:52 Watch Tower
17:52 Watch Tower
17:53 Watch Tower
23:03 Watch Tower
23:04 Watch Tower
23:05 Watch Tower
23:05 Watch Tower
23:07 Watch Tower
24:26 Voodoo Lounge
29:17 Stronghold
30:00 Orc Burrow
30:03 Orc Burrow
32:00 Great Hall
32:09 Watch Tower
32:09 Watch Tower
32:09 Watch Tower
32:10 Watch Tower
32:11 Watch Tower
32:13 Watch Tower
32:13 Watch Tower
32:14 Watch Tower
32:14 Watch Tower
32:15 Watch Tower
32:18 Watch Tower
32:18 Watch Tower
32:19 Watch Tower
32:19 Watch Tower
32:19 Watch Tower
32:54 Voodoo Lounge
36:09 Great Hall
36:11 Great Hall
36:13 Watch Tower
36:14 Watch Tower
36:14 Watch Tower
36:15 Watch Tower
36:16 Watch Tower
36:17 Watch Tower
36:17 Watch Tower
36:18 Watch Tower
37:35 Watch Tower
37:54 Fortress
41:02 Great Hall
42:51 Watch Tower
42:52 Watch Tower
42:53 Watch Tower
42:53 Watch Tower
46:31 Great Hall
46:34 Watch Tower
46:34 Watch Tower
46:35 Watch Tower
46:37 Watch Tower
46:41 Watch Tower
46:43 Watch Tower
46:50 Watch Tower
46:50 Watch Tower
46:51 Watch Tower
56:24 Beastiary
56:25 Beastiary
56:25 Beastiary
56:30 Beastiary
56:34 Beastiary
74:57 Barracks
74:57 Barracks
75:00 Barracks
75:01 Barracks
75:02 Barracks
75:04 Barracks
75:07 Orc Burrow
75:08 Orc Burrow
75:09 Orc Burrow
75:11 Orc Burrow
75:12 Barracks
75:15 Barracks
» items
| Healing Salve | 6 | |
| Boots of Speed | 1 | |
| Lesser Clarity Potion | 3 | |
| Potion of Mana | 3 | |
| Orb of Lightning | 1 | |
| Periapt of Vitality | 3 | |
| Staff of Teleportation | 3 | |
| Scroll of Town Portal | 8 | |
| Potion of Healing | 2 | |
| Scroll of Regeneration | 1 | |
31 total
BMking (
teal | 54 APM | 3973 actions | 73:47)
10 Blademaster
3 Wind Walk
3 Critical Strike
1 Bladestorm
3 Mirror Image
3 Tauren Chieftain
1 War Stomp
2 Endurance Aura
» actions
| Assign group hotkey | 30 | |
| Basic commands | 10 | |
| Build / train | 122 | |
| Enter build submenu | 84 | |
| Enter hero's abilities submenu | 13 | |
| Give item / drop item | 22 | |
| Right click | 1611 | |
| Select / deselect | 1145 | |
| Select group hotkey | 560 | |
| Use ability | 375 | |
3973 total
» units
| Peon | 20 | |
| Grunt | 2 | |
| Goblin Zeppelin | 3 | |
| Troll Batrider | 17 | |
| Goblin Shredder | 4 | |
| Spirit Walker | 2 | |
| Shaman | 2 | |
| Troll Witch Doctor | 2 | |
| Tauren | 4 | |
| Kodo Beast | 1 | |
57 total
» upgrades
| Troll Regeneration | 1 | |
| Ranged Weapons | 3 | |
| Armor | 3 | |
| Liquid Fire | 1 | |
| Reinforced Defenses | 1 | |
| Shaman Training | 2 | |
| Witch Doctor Training | 2 | |
| Spirit Walker Training | 3 | |
| Melee Weapons | 1 | |
| War Drums Damage Increase | 1 | |
18 total
» buildings
| Altar of Storms | 2 | |
| Orc Burrow | 17 | |
| Barracks | 1 | |
| Voodoo Lounge | 2 | |
| Stronghold | 3 | |
| Great Hall | 10 | |
| War Mill | 3 | |
| Beastiary | 6 | |
| Fortress | 2 | |
| Watch Tower | 33 | |
| Spirit Lodge | 3 | |
| Tauren Totem | 3 | |
85 total
» build order
00:08 Altar of Storms
00:16 Orc Burrow
00:41 Barracks
01:25 Orc Burrow
02:01 Voodoo Lounge
03:45 Stronghold
03:50 Great Hall
03:53 Great Hall
04:45 War Mill
08:24 Beastiary
08:26 Beastiary
08:27 Beastiary
08:29 Beastiary
08:32 Beastiary
09:05 Fortress
09:14 Watch Tower
09:16 Watch Tower
09:17 Watch Tower
09:23 War Mill
10:03 Orc Burrow
10:36 Orc Burrow
10:38 Orc Burrow
11:44 Watch Tower
13:35 Great Hall
14:07 Great Hall
14:46 Orc Burrow
15:30 Watch Tower
15:31 Watch Tower
15:32 Watch Tower
15:51 Watch Tower
20:56 Orc Burrow
21:57 Great Hall
22:00 Watch Tower
22:54 Orc Burrow
23:40 Watch Tower
24:46 Orc Burrow
24:48 Orc Burrow
25:06 Watch Tower
27:46 Watch Tower
28:44 Great Hall
28:47 Watch Tower
28:48 Watch Tower
28:49 Watch Tower
28:50 Watch Tower
28:56 Watch Tower
31:37 Watch Tower
33:27 Watch Tower
36:47 Watch Tower
36:48 Watch Tower
36:48 Watch Tower
36:50 Watch Tower
36:53 Watch Tower
36:54 Watch Tower
40:29 Great Hall
40:41 Watch Tower
40:43 Watch Tower
40:44 Watch Tower
40:45 Watch Tower
41:36 Watch Tower
41:45 Watch Tower
42:19 Watch Tower
42:19 Watch Tower
42:33 Voodoo Lounge
44:41 Stronghold
44:41 Stronghold
46:34 Orc Burrow
46:36 Orc Burrow
46:38 Orc Burrow
46:40 Orc Burrow
48:20 Orc Burrow
48:24 Great Hall
58:46 Great Hall
59:00 Altar of Storms
59:03 Spirit Lodge
59:05 Spirit Lodge
59:07 Spirit Lodge
59:54 Orc Burrow
61:41 Fortress
62:36 Great Hall
63:00 War Mill
64:22 Tauren Totem
64:24 Tauren Totem
64:28 Tauren Totem
70:04 Orc Burrow
70:11 Beastiary
» items
| Circlet of Nobility | 3 | |
| Healing Salve | 5 | |
| Lesser Clarity Potion | 4 | |
| Potion of Healing | 2 | |
| Orb of Lightning | 1 | |
| Staff of Teleportation | 4 | |
| Potion of Mana | 3 | |
| Scroll of Town Portal | 1 | |
| Periapt of Vitality | 1 | |
24 total
Dblbarrels (
red | 28 APM | 1338 actions | 47:20)
5 Far Seer
3 Feral Spirit
2 Chain Lighting
4 Shadow Hunter
2 Healing Wave
1 Hex
1 Serpent Ward
3 Tauren Chieftain
2 Endurance Aura
1 War Stomp
» actions
| Assign group hotkey | 15 | |
| Basic commands | 114 | |
| Build / train | 101 | |
| Enter build submenu | 19 | |
| Enter hero's abilities submenu | 14 | |
| Give item / drop item | 1 | |
| Remove unit from queue | 2 | |
| Right click | 311 | |
| Select / deselect | 315 | |
| Select group hotkey | 377 | |
| Use ability | 69 | |
1338 total
» units
| Peon | 20 | |
| Goblin Shredder | 2 | |
| Wind Rider | 10 | |
| Shaman | 9 | |
| Raider | 2 | |
43 total
» upgrades
| Ranged Weapons | 3 | |
| Envenomed Spears | 1 | |
| Shaman Training | 2 | |
| Armor | 3 | |
| Liquid Fire | 1 | |
| Melee Weapons | 3 | |
| Ensnare | 1 | |
| Witch Doctor Training | 1 | |
| Spirit Walker Training | 1 | |
16 total
» buildings
| Orc Burrow | 7 | |
| Altar of Storms | 1 | |
| Voodoo Lounge | 1 | |
| Stronghold | 1 | |
| War Mill | 1 | |
| Watch Tower | 1 | |
| Fortress | 1 | |
| Beastiary | 2 | |
| Great Hall | 2 | |
| Spirit Lodge | 1 | |
18 total
» build order
01:10 Orc Burrow
01:32 Altar of Storms
02:08 Orc Burrow
02:32 Voodoo Lounge
02:43 Stronghold
02:49 War Mill
03:12 Orc Burrow
04:18 Watch Tower
05:31 Orc Burrow
05:33 Fortress
05:47 Beastiary
06:58 Beastiary
08:11 Orc Burrow
09:40 Great Hall
10:38 Spirit Lodge
19:43 Orc Burrow
19:46 Orc Burrow
30:59 Great Hall
» items
| Orb of Lightning | 4 | |
| Potion of Healing | 5 | |
| Scroll of Speed | 3 | |
| Scroll of Town Portal | 2 | |
| Potion of Mana | 3 | |
| Orb of Fire | 1 | |
| Scroll of Regeneration | 2 | |
| Circlet of Nobility | 1 | |
| Periapt of Vitality | 1 | |
22 total
Chat log
(00:16 / All) gregsimoneau: OMG NOT THE BM KING!!!!!!!!!!!!!!!!!!!!
(00:23 / All) gregsimoneau: what r we gunna do???
(00:26 / All) KillyBoi: He is a fraud, a usurper
(00:35 / All) MussoIini: 3 orc inc lvl 1 bm harass
(00:39 / Allies) raah: heheheh
(00:51 / Allies) raah: aye he is an usurper
(01:19 / Allies) Dblbarrels: units?
(01:23 / Allies) raah: many a king's cock has he sat upon
(01:30 / Allies) raah: hehehe
(02:03 / Allies) Dblbarrels: units?
(02:10 / Allies) BMking: bats
(02:15 / Allies) raah: usurpers
(02:35 / All) KillyBoi: my eyes are so watery
(03:03 / Allies) KillyBoi: Gold, lumbeR?
(03:08 / Allies) KillyBoi: Please children, your father needs it
(05:04 / Allies) KillyBoi: FUCK
(05:06 / All) KillyBoi: FUCK
(05:07 / All) KillyBoi: FUCK
(05:08 / All) KillyBoi: FUCK
(05:15 / All) MussoIini: ?
(05:16 / All) KillyBoi: FAGHGOTS ALWAYS TAKING >MY< SHREDDAR
(05:21 / All) KillyBoi: FUCK YOU
(05:24 / All) KillyBoi: BITCHES
(06:02 / All) MussoIini: wtf
(06:04 / All) MussoIini: who does that
(06:08 / All) gregsimoneau: LOL
(06:12 / Allies) raah: i got a shredder
(06:20 / Allies) raah: hehe
(06:27 / Allies) raah: right when they were goin for it
(06:28 / Allies) raah: hehe
(06:30 / All) BMking: law;
(07:01 / Allies) KillyBoi: level 3 woould be awesome
(09:34 / All) KillyBoi: great
(09:39 / All) KillyBoi: lucky purple
(09:47 / All) gregsimoneau: mnah had tp to
(10:12 / All) KillyBoi: purple has mana burn and inflame
(10:19 / All) KillyBoi: what a fucking nub
(10:21 / All) gregsimoneau: and mass fucking towerz
(10:24 / All) gregsimoneau: come get it
(10:32 / All) gregsimoneau: thats pro cc on my own
(10:35 / All) KillyBoi: fucking french faggot
(11:18 / Allies) KillyBoi: mkj
(11:24 / Allies) KillyBoi: mk
(11:35 / Allies) KillyBoi: worhtless fucking retard
(11:40 / Allies) KillyBoi: yellow
(11:43 / Allies) KillyBoi: you stupid fucking idiot
(11:55 / Allies) KillyBoi: could ahve got both his heroes and then units idiot faggot
(12:09 / Allies) KillyBoi: dumb motherfucker
(12:21 / Allies) KillyBoi: MK mean mountain king the hero for future reference idiot
(12:33 / Allies) KillyBoi: wasted my mana I should have let him rape you asshole
(13:12 / All) KillyBoi: purple and pink buttbuddies
(13:13 / All) gregsimoneau: thats right bitch
(13:18 / All) gregsimoneau: LOL
(13:27 / All) gregsimoneau: hes my bitch
(13:38 / All) KillyBoi: why you protecting his assets|?
(13:51 / All) gregsimoneau: cuz he owes me money
(14:12 / Allies) raah: \ok red
(14:13 / Allies) raah: nm
(14:19 / Allies) raah: if you cant doit
(14:25 / Allies) KillyBoi: god
(14:31 / Allies) KillyBoi: teal both islands
(14:44 / Allies) KillyBoi: gold
(14:45 / Allies) KillyBoi: wood
(14:57 / Allies) raah: get over here red
(16:20 / All) MussoIini: why would you cancel those towers?
(16:21 / All) MussoIini: so bad
(16:41 / Allies) raah: and teal has no units?
(19:45 / Allies) KillyBoi: tp out
(19:49 / Allies) KillyBoi: tp out
(19:58 / All) KillyBoi: why do I give instruction to yellow
(20:04 / All) KillyBoi: TP OUT means stand there like a retard
(20:13 / All) KillyBoi: when one bolt kills your hero and then your whole army will die
(20:16 / All) KillyBoi: faggot fuck
(20:32 / All) MussoIini: lawl I forgot tp
(21:33 / Allies) raah: here they come red
(22:35 / All) MussoIini: nice tps to my island lol
(24:54 / All) MussoIini: wasn't even paying attention to my mk
(26:10 / All) MussoIini: thanks for revealing the bats, now I can make tanks
(26:55 / All) MussoIini: use your bats so I can make more tanks
(28:49 / All) KillyBoi: you're lucky yellow blended in so well at my base
(31:45 / Allies) KillyBoi: fuck tanks
(31:53 / Allies) raah: gg
(32:00 / Allies) raah: i had mort
(32:16 / Allies) BMking: oj
(32:21 / Allies) BMking: can u attack blues expo/
(32:25 / Allies) KillyBoi: so I'd rather not win at all then win wtih you
(32:30 / All) raah: good thing orange bsed all my mortars
(33:00 / All) raah: now he can fight massive tanks and lose like the little bitch he is
(33:02 / All) raah: hehe
(33:17 / All) raah: making towers and attacking his team all game
(33:41 / All) KillyBoi: Alright motherfucker you wanna play hardball|?
(33:45 / All) raah: i wish i had made tanks and taken him out before blue
(34:30 / All) raah: now hes teching on the plateaus and whining like hes being bent over the bench and being raped
(34:44 / Allies) KillyBoi: didn't seem so raped
(35:12 / All) raah: only because red is fighting without you
(35:22 / All) raah: your too much of a pussy to help him out
(35:24 / All) raah: hehe
(35:34 / Allies) KillyBoi: I got assets to secure
(35:43 / All) MussoIini: GJ getting trapped again
(35:47 / All) raah: soon itll be just you and your own ass to fuck
(35:52 / All) raah: instead of your team
(36:00 / All) KillyBoi: Stop with the insults that aren't your strong point
(36:02 / All) raah: red
(36:08 / All) raah: do you see orange?
(36:12 / All) raah: look at him
(36:18 / All) raah: like a little bitch
(36:22 / Allies) Dblbarrels: hes an asshole
(36:28 / All) MussoIini: He is the best player on your team
(36:31 / All) raah: making towers on his new expo
(36:34 / All) raah: while you die
(37:03 / All) raah: sitting on the northwest corner with his faggot backstabbing birds
(38:02 / All) gregsimoneau: u will lose
(38:06 / All) MussoIini: Oh?
(38:55 / All) gregsimoneau: cuz blue fucking owns
(38:59 / All) MussoIini: I wish I had more APM
(39:01 / All) gregsimoneau: hes got like 5 bases
(39:06 / All) MussoIini: don't have nearlt enough multitasking
(39:08 / All) gregsimoneau: 5k gold wood
(40:18 / All) gregsimoneau: those batties wont help
(40:23 / All) gregsimoneau: get 10 million
(40:29 / All) gregsimoneau: and blue still wins
(42:01 / Allies) Dblbarrels: why are we still here
(42:20 / Allies) Dblbarrels: why do u need to search teams and be an asshole?
(42:30 / Allies) Dblbarrels: do u need a life?
(42:32 / Allies) KillyBoi: Who you addressing?
(42:53 / Allies) Dblbarrels: whatever asshole that didnt do their part
(42:59 / Allies) KillyBoi: That would be yellow
(44:01 / Allies) Dblbarrels: teal rtfebuild
(44:04 / Allies) Dblbarrels: re
(44:10 / Allies) Dblbarrels: wtf
(44:17 / Allies) Dblbarrels: 6k
(44:57 / All) KillyBoi: Got to admire Teal's stubbornness
(44:59 / Allies) Dblbarrels: wake up
(45:06 / Allies) BMking: build with what?
(45:07 / Allies) Dblbarrels: gd asshole
(45:13 / Allies) BMking: the bestiaryies hes destroying?
(45:14 / All) KillyBoi: bats are his unit, raiders won't do, well they would do but not for him no sirree bob
(45:25 / All) gregsimoneau: lol
(45:26 / Allies) Dblbarrels: ur an asshole
(45:34 / Allies) Dblbarrels: make gd tauren
(47:20 / All) BMking: no i saw ur tp coming in
(47:34 / All) KillyBoi: he's whining yet had 4.7k gold and 7k lumber
(47:58 / All) KillyBoi: why he didn't grab a tiny orc hall and build elsewhere? Oh yeah, he's terrible
(48:44 / All) MussoIini: FINALLY
(48:45 / All) MussoIini: PEACE!
(48:50 / All) MussoIini: PEACE FROM THE BM
(48:53 / All) BMking: well u get no exp
(49:00 / All) MussoIini: I AM LEVEL 10 I DO NOT CARE
(49:04 / All) KillyBoi: whatever it takes to console yourself
(50:02 / All) MussoIini: did you really tavern a level 10 bm?
(50:19 / All) KillyBoi: ohhhhhhhh
(50:44 / All) BMking: g;
(51:02 / All) MussoIini: BUY THAT AGAIN FAGGOT
(51:10 / All) KillyBoi: he has the funds
(51:31 / All) MussoIini: THAT FUCKING BM AGAIN
(52:16 / All) KillyBoi: ah
(52:19 / All) KillyBoi: they killed myt burrow
(53:52 / All) KillyBoi: Fool of a took
(53:56 / All) MussoIini: KILL FUCKINF BM
(53:59 / All) MussoIini: TURNCOAT
(54:16 / All) MussoIini: FUCK THIS
(56:17 / Allies) KillyBoi: blue was my freind lawl
(56:21 / Allies) KillyBoi: he is such a baby
(56:28 / Allies) KillyBoi: getting raidres
(56:47 / Allies) KillyBoi: he has no gold income
(57:36 / Allies) KillyBoi: wood me
(57:46 / Allies) KillyBoi: wood me
(57:58 / Allies) KillyBoi: yo teal wood me
(60:06 / Specific player) KillyBoi: Let's see how this plays out :)
(60:47 / All) gregsimoneau: u doing about 15 more minutes of work to win and i continue to watch tv
(61:05 / All) KillyBoi: Is your name Jacob?
(61:06 / All) KillyBoi: lozl
(61:19 / All) BMking: dont sell urself short
(61:27 / All) BMking: i saw u call those peasants to arms
(61:33 / All) BMking: thats at least 2 clicks
(61:50 / All) KillyBoi: Teal really is named Jacob I do believe
(62:02 / All) KillyBoi: Fake Jake and the genuine
(62:03 / All) BMking: whys that?
(62:12 / All) KillyBoi: Well you just confirmed it
(62:21 / All) KillyBoi: I thought it was you at the start
(63:04 / All) KillyBoi: Why it is you kept going bats instead of raiders?
(63:56 / Allies) BMking: gold me oj
(63:58 / Allies) BMking: 6000
(64:08 / All) KillyBoi: Unblocked you
(64:26 / All) KillyBoi: Oh
(64:28 / All) KillyBoi: Nevermind
(64:45 / All) KillyBoi: I just realized you you'd have a gay name like GOKU_POUNDS_MY_ASS
(64:55 / All) KillyBoi: Jacob, fat Jacob, would anyway
(65:16 / All) KillyBoi: I'm up late
(65:24 / All) KillyBoi: I think this will be my last Warcraft III game
(65:30 / All) KillyBoi: and then I'm make videos of my replays
(65:34 / All) KillyBoi: and then uninstall
(67:03 / All) KillyBoi: i laugh at him saying it would take 15 minutes to kill these buildings
(67:07 / All) KillyBoi: it would take 5 maximum
(71:22 / All) KillyBoi: Do you have an AKA teal?
(73:13 / All) gregsimoneau: having fun?
(73:19 / All) gregsimoneau: at least ur earning it
(73:21 / All) BMking: stil watching tv?
(73:28 / All) gregsimoneau: yea
(73:32 / All) gregsimoneau: commercial
(73:32 / All) BMking: dont focus my casts or healing wards or heroes too much
(73:38 / All) gregsimoneau: i wont
(73:43 / All) gregsimoneau: :)
(73:52 / All) KillyBoi: AWWWWW
(74:00 / All) gregsimoneau: kill his bitch ass
(74:08 / All) KillyBoi: you gotta lose now
(74:38 / All) KillyBoi: this dumb BM wouldn't attack move
(74:49 / All) KillyBoi: kept queud up
(75:26 / All) gregsimoneau: did everyone else leave
(75:31 / All) KillyBoi: aye
(75:35 / All) gregsimoneau: lol
(75:43 / All) KillyBoi: I was going to leave you and teal without units and no way to win
(75:44 / All) KillyBoi: and leave
(76:01 / All) gregsimoneau: u shoulda
(76:07 / All) gregsimoneau: he woulda left
(76:12 / All) gregsimoneau: giving me tha win
(76:27 / All) gregsimoneau: zomg
(76:31 / All) KillyBoi: he left before I could
(77:00 / All) KillyBoi: you mirin' my dragons?
(77:03 / All) gregsimoneau: DONT KILL ME
(77:11 / All) gregsimoneau: yeah lol
(77:14 / All) gregsimoneau: beasts
(77:53 / All) gregsimoneau: gg
(78:36 / All) gregsimoneau: thats it 2 farms
(78:39 / All) gregsimoneau: and that main
(79:18 / All) gregsimoneau: ur bm wont move?
(79:24 / All) KillyBoi: He's tired
(79:29 / All) gregsimoneau: ROFL
(79:34 / All) gregsimoneau: he did work son
(79:43 / All) KillyBoi: He lazed about most of the game
(80:02 / All) gregsimoneau: whAT A GAY GAME
(80:11 / All) KillyBoi: It was epic on my end
(80:48 / All) KillyBoi: Had everything, mass dragons, BM duels, rivers of butthurt and an authentic Rod ragequit
(80:59 / All) gregsimoneau: ROFL
(81:05 / All) gregsimoneau: get more dragons
(81:11 / All) KillyBoi: They have a cooldown
(81:12 / All) gregsimoneau: and take a screenshot
(81:26 / All) gregsimoneau: i know but aint rdy?
(81:36 / All) KillyBoi: More than halfway to the most formidable control group ever assembled
(81:55 / All) KillyBoi: Level 10 blademaster and 11 dragons
(86:31 / All) gregsimoneau: gimme tha win plz
(87:43 / All) KillyBoi: what would you do for a win
(90:41 / All) gregsimoneau: aint much i can do
(91:06 / All) gregsimoneau: but sit here and let u mass ur dragons in hopes u may not give a fuck about a win
(94:13 / All) KillyBoi: I'll consider letting you win
(94:31 / All) gregsimoneau: whys that
(94:31 / All) KillyBoi: while I amass the greatest control group to ever grace BattleNet
(94:37 / All) KillyBoi: visit my youtube page
(94:45 / All) KillyBoi: www.youtube.com/lordfarsanky
(94:49 / All) KillyBoi: tell me your opinion of my great videos
(94:56 / All) gregsimoneau: post again
(95:03 / All) gregsimoneau: imm write it down
(95:19 / All) gregsimoneau: website
(95:32 / All) gregsimoneau: www. u tube/ lord?
(95:59 / All) gregsimoneau: nvm got it
(96:05 / All) gregsimoneau: videos of what?
(96:23 / All) gregsimoneau: imma check it out now brb
(98:17 / All) gregsimoneau: nice music lol
(98:53 / All) KillyBoi: Why did you tell blue that I was making tauren
(99:23 / All) KillyBoi: Which video had nice musioc
(100:17 / All) KillyBoi: Are you a big fan of Adele?
(101:35 / All) gregsimoneau: yellow
(101:36 / All) KillyBoi: I'm forming a veritable ring of fire!
(101:39 / All) gregsimoneau: wuz wisping me
(102:02 / All) gregsimoneau: private wisp he said where u were
(102:17 / All) gregsimoneau: im watching hitler isnt this ruthless now
(102:46 / All) KillyBoi: Fine choice sir
(104:12 / All) gregsimoneau: dude ur pretty sick wit it
(104:31 / All) KillyBoi: thanks sir, I appreciate the nice compliment
(106:03 / All) gregsimoneau: tojars big day now
(106:10 / All) gregsimoneau: u have great micro
(106:17 / All) gregsimoneau: how long u been playing?
(107:50 / All) gregsimoneau: fw me bro
(109:27 / All) KillyBoi: since December 2002
(110:15 / All) gregsimoneau: yeah me to
(110:20 / All) gregsimoneau: tojars big day
(110:27 / All) gregsimoneau: omg u raped green
(110:37 / All) gregsimoneau: ffed his hero to death ROFL
(110:47 / All) KillyBoi: Just another day in teh office
(116:37 / All) gregsimoneau: god damn tojars one is tight
(116:53 / All) gregsimoneau: fucking owning everything with just 1 hero
(118:46 / All) gregsimoneau: red was such a lil bitch
(118:57 / All) gregsimoneau: "im on tha phone with blizzard" LOL
(120:43 / All) KillyBoi: One more dragon to complete my collection
(123:02 / All) gregsimoneau: dude idc if i win
(123:09 / All) gregsimoneau: im glad u told me about vids
(123:14 / All) gregsimoneau: i want tha win
(123:20 / All) gregsimoneau: but god damn ur good
(124:35 / All) gregsimoneau: i added u to friends
(124:40 / All) gregsimoneau: add me i can host
(124:46 / All) gregsimoneau: we at sometime
(125:00 / All) KillyBoi: watch catapults on the greyrost account
(125:06 / All) KillyBoi: it was perhaps the greatest game of all time
(129:52 / All) gregsimoneau: watching it now Tight music
(130:00 / All) gregsimoneau: r u red on this one?
(130:18 / All) KillyBoi: yeah
(130:26 / All) KillyBoi: I massed catapults without a hero
(133:53 / All) gregsimoneau: so sick
(134:00 / All) gregsimoneau: almost immpossible to beat
(134:17 / All) gregsimoneau: great choice of music bro what song/music is that?
(136:57 / All) gregsimoneau: so many different reinforcements like 4 waves
(137:45 / All) KillyBoi: in the house in a heartbeart and east hastings
(138:11 / All) KillyBoi: in the house in a heartbeat is from 28 days later soundtrack, east hastings is by godspeed you black emperor
(140:05 / All) KillyBoi: greatest control group ever assembled?
(143:12 / All) gregsimoneau: for kazmodah
(143:18 / All) gregsimoneau: fuckin good one
(143:26 / All) gregsimoneau: like 3full army v 1
(144:34 / All) gregsimoneau: omg dragons
(144:37 / All) gregsimoneau: nice work
(144:46 / All) gregsimoneau: u did it
(145:05 / All) gregsimoneau: nice vids to man thanks for making
(145:09 / All) gregsimoneau: quite entertaining
(145:36 / All) gregsimoneau: r u saving this replay?
(146:18 / All) gregsimoneau: so i stayed for u and no fw huh?
(147:24 / All) gregsimoneau: well id say gg but my team wuz shit
(147:28 / All) gregsimoneau: had no chance
(148:05 / All) gregsimoneau: im off to bed hopefully ull consider fwing me for my honorable play
(148:07 / All) gregsimoneau: lol
(148:46 / All) gregsimoneau: also add me friend i consider myself pro so we can at sometime
(151:41 / All) gregsimoneau: gg c u round
(153:47 / All) gregsimoneau: OJ????????
(153:51 / All) KillyBoi: aye?
(153:53 / All) gregsimoneau: fw plz
(154:26 / All) KillyBoi: was going to get 12 dragons on teal
(154:26 / All) gregsimoneau: i could just quit but ive went though all this lol
(154:47 / All) gregsimoneau: k ill got to bed and leave this up
(154:57 / All) gregsimoneau: will u fw me after?
(155:10 / All) KillyBoi: Oh I get it, you can't get dragons on your allies because they are food but if you buy zep with ally unit
(155:16 / All) KillyBoi: it's under their color
(155:22 / All) KillyBoi: oh
(155:23 / All) KillyBoi: guess not
(155:26 / All) KillyBoi: used to be
(155:35 / All) gregsimoneau: maybe in roc
(155:41 / All) KillyBoi: damn I wanted 12 dragons in addition to my 11
(155:54 / All) gregsimoneau: r u saving this replay?
(156:09 / All) KillyBoi: Yes
(156:17 / All) gregsimoneau: kool
(156:30 / All) gregsimoneau: well gg i knew it
(156:35 / All) gregsimoneau: shoulda left lol
(157:10 / All) gregsimoneau: what r u doing?
(157:23 / All) KillyBoi: Only God and the Devil know
(157:29 / All) gregsimoneau: gg
(157:47 / All) gregsimoneau: ur welcome for me helping u make video